 Dungeon Crawl Stone Soup version 0.28-a0-751-gef3a642a4e (webtiles) character file.

Game seed: 4688232734672468462

1362 KoroneIsBestGirl the Chiller (level 8, -1/52 HPs)
             Began as a Barachi Ice Elementalist on Oct 31, 2021.
             Was an Elder of Cheibriados.
             Slain by a phantom (7 damage)
             ... on level 5 of the Dungeon.
             The game lasted 00:07:09 (5840 turns).

KoroneIsBestGirl the Chiller (BaIE)                 Turns: 5840, Time: 00:07:09

Health: -1/52      AC:  3    Str: 18    XL:     8   Next: 64%
Magic:  16/16      EV: 20    Int: 26    God:    Cheibriados [****..]
Gold:   229        SH:  6    Dex: 23    Spells: 13/17 levels left

rFire   x . .      SeeInvis .   c - +0 short sword
rCold   + . .      Faith    .   e - +0 buckler
rNeg    . . .      Spirit   .   r - +0 leather armour
rPois   .          Reflect  .   (no helmet)
rElec   .          Harm     .   (no cloak)
rCorr   .          Rampage  .   (no gloves)
Will    .....                   (no boots)
Stlth   ++........              (no amulet)
HPRegen 0.17/turn               b - +4 ring of evasion
MPRegen 0.15/turn               z - ring of ice

@: brilliant, attractive, very slow
A: amphibious, slowness 1, strong legs 1, +LOS
a: Hop, Renounce Religion, Bend Time, Temporal Distortion, Slouch


You were on level 5 of the Dungeon.
You worshipped Cheibriados.
Cheibriados was greatly pleased with you.
You visited 1 branch of the dungeon, and saw 6 of its levels.

You collected 229 gold pieces.

Inventory:

Hand Weapons
 c - a +0 short sword (weapon)
Armour
 a - a +0 robe
 e - a +0 buckler (worn)
 r - a +0 leather armour (worn)
Jewellery
 b - a +4 ring of evasion (left hand)
 f - a ring of wizardry
 q - a ring of protection from cold
 z - a ring of ice (right hand)
Wands
 g - a wand of iceblast (10)
 A - a wand of charming (8)
Scrolls
 d - a scroll of vulnerability
 h - a scroll of fog
 i - a scroll of immolation
 j - 4 scrolls of magic mapping {unknown}
 k - 3 scrolls of torment
 l - 5 scrolls of teleportation {unknown}
 o - a scroll of enchant armour
 t - a scroll of enchant weapon {unknown}
 v - 4 scrolls of amnesia {unknown}
 w - a scroll of silence
 y - a scroll of noise
Potions
 m - 4 potions of heal wounds {unknown}
 n - a potion of resistance
 p - a potion of mutation {unknown}


   Skills:
 + Level 4.9 Armour
 + Level 5.6 Dodging
 - Level 1.7 Stealth
 - Level 4.0 Shields
 + Level 5.4 Spellcasting
 + Level 7.6 Ice Magic


You had 13 spell levels left.
You knew the following spells:

 Your Spells              Type           Power      Damage    Failure   Level
a - Freeze                Ice            100%       1d11      1%          1
b - Frozen Ramparts       Ice            100%       1d12      1%          3

Your spell library contained the following spells:

 Spells                   Type           Power      Damage    Failure   Level
 Ozocubu's Armour         Ice            81%        N/A       1%          3
 Shock                    Conj/Air       40%        1d5       9%          1
 Slow                     Hex            40%        N/A       9%          1
 Hailstorm                Conj/Ice       57%        3d12      19%         4
 Confusing Touch          Hex            10%        N/A       26%         3
 Swiftness                Air            10%        N/A       26%         3
 Tukima's Dance           Hex            10%        N/A       26%         3
 Vampiric Draining        Necr           5%         2d6       26%         3
 Airstrike                Air            5%         N/A       65%         4
 Passage of Golubria      Tloc           10%        N/A       65%         4
 Yara's Violent Unravell  Hex/Tmut       5%         3d4       94%         5


Dungeon Overview and Level Annotations

Branches:
Dungeon (6/15)             Temple (0/1) D:6

Altars:
Cheibriados
Makhleb
Okawaru


Innate Abilities, Weirdness & Mutations

You are amphibious.
You cover ground slowly.
You can hop short distances.
You have an extended range of vision and can be seen from far away.


Message History

The phantom is heavily damaged.
The phantom completely resists.
The wall freezes the phantom but does no damage.
You block the phantom's attack.
You closely miss the phantom.
The phantom is heavily damaged.
The phantom resists.
The wall freezes the phantom.
The phantom hits you.
The phantom blinks!
You blink.
The frozen ramparts melt away as you move.
The phantom hits you. The phantom completely misses you.
You are too injured to fight recklessly!
You are too injured to fight recklessly!
You are too injured to fight recklessly!
You hit the phantom but do no damage.
The phantom is heavily damaged.
The phantom hits you but does no damage.
You hit the phantom.
The phantom is severely damaged.
The phantom completely misses you.
You closely miss the phantom.
The phantom is severely damaged.
The phantom barely misses you.
You closely miss the phantom.
The phantom is severely damaged.
The phantom hits you!
You closely miss the phantom.
The phantom is severely damaged.
The phantom hits you.
* * * LOW HITPOINT WARNING * * *
You hit the phantom but do no damage.
The phantom is severely damaged.
The phantom barely misses you.
You closely miss the phantom.
The phantom is severely damaged.
The phantom hits you!
* * * LOW HITPOINT WARNING * * *
You hit the phantom but do no damage.
The phantom is severely damaged.
The phantom completely misses you. The phantom hits you!
You die...

#...#...#...#.#
###.'#...#'.##.#
#.###....)###..#
#..............#
#......8.......#
#...........)..#
#####.....####.#
##W.#...#'.##.######
#..@#...#...#...)...
#>.##...##.>#####)..
####...†.####<......
######## #..............)..
#......# #.........##.#....
#......# #.........##.#....
#......# #.........#..#....
#......#########..#..##....
#..........................


You could see a phantom.

Vanquished Creatures
  Eustachio (D:4)
  A water moccasin (D:6)
  A necrophage (D:4)
  An ice beast (D:6)
  4 ogres (D:5)
  3 scorpions
  A howler monkey (D:5)
  A centaur skeleton (D:4)
  2 hounds
  A bullfrog skeleton (D:5)
  An orc priest (D:3)
  2 iguanas
  A hound skeleton (D:5)
  4 gnolls (D:5)
  4 adders
  A white imp (D:5)
  2 ufetubi (D:5)
  A worm (D:2)
  A dart slug (D:5)
  11 orcs
  3 endoplasms
  7 giant cockroaches
  4 goblins
  A hobgoblin (D:1)
  3 jackals (D:3)
  12 kobolds
  7 quokkas
  7 ball pythons
  3 bats
  7 rats
98 creatures vanquished.

Notes
Turn   | Place    | Note
-------+----------+-------------------------------------------
     0 | D:1      | KoroneIsBestGirl the Barachi Ice Elementalist began the
                  | quest for the Orb.
     0 | D:1      | Reached XP level 1. HP: 13/13 MP: 3/3
   198 | D:1      | Reached skill level 5 in Ice Magic
   301 | D:1      | Reached XP level 2. HP: 19/19 MP: 1/5
   587 | D:1      | Found a faded altar of an unknown god.
   590 | D:1      | Prayed at the altar of an unknown god.
   590 | D:1      | Became a worshipper of Cheibriados the Contemplative
   590 | D:1      | Reached * piety under Cheibriados
   876 | D:1      | Reached skill level 1 in Shields
   982 | D:1      | Reached XP level 3. HP: 24/24 MP: 3/6
  1093 | D:1      | Reached ** piety under Cheibriados
  1299 | D:1      | Learned a level 3 spell: Frozen Ramparts
  1566 | D:2      | Found a burning altar of Makhleb.
  2343 | D:3      | Reached XP level 4. HP: 30/30 MP: 6/8
  3109 | D:4      | Noticed a necrophage
  3125 | D:4      | Killed a necrophage
  3126 | D:4      | Reached skill level 1 in Armour
  3126 | D:4      | Reached XP level 5. HP: 22/35 MP: 1/9
  3287 | D:4      | Reached *** piety under Cheibriados
  3565 | D:4      | Reached XP level 6. HP: 18/41 MP: 6/10
  3803 | D:4      | Noticed Eustachio
  3809 | D:4      | Killed Eustachio
  3810 | D:4      | Reached skill level 6 in Ice Magic
  4057 | D:4      | Reached XP level 7. HP: 37/46 MP: 12/12
  4415 | D:5      | Entered Level 5 of the Dungeon
  4591 | D:5      | Reached XP level 8. HP: 46/52 MP: 5/15
  4692 | D:5      | Reached **** piety under Cheibriados
  4755 | D:5      | Reached skill level 5 in Dodging
  4755 | D:5      | Reached skill level 7 in Ice Magic
  4916 | D:5      | Reached skill level 5 in Spellcasting
  5157 | D:5      | Found an iron altar of Okawaru.
  5601 | D:6      | Found a staircase to the Ecumenical Temple.
  5840 | D:5      | Slain by a phantom

Illustrated notes

Levels and vault maps discovered:
D:1:      psy_arrival_spokes, layout_loops_corners,
          hellmonk_ecumenical_altar_heavens_door, chequers_garden
D:2:      layout_rooms, basic_altar
D:3:      layout_basic, hangedman_decor_peaks_small
D:4:      layout_loops_ring, uniq_eustachio
D:5:      layout_rooms, marbit_many_paths, chequers_serial_rivers_small_3,
          grunt_ministairs_6, glass_columns_b
D:6:      layout_loops_cross, minmay_temple_entry_stoned_glass,
          nicolae_elemental_shop

Skill      XL: |  1  2  3  4  5  6  7  8 |
---------------+-------------------------+-----
Ice Magic      | 5 6 7 |  7.6
Shields        | 1 2 3 4 |  4.0
Dodging        | 3 4 5 |  5.6
Armour         | 1 2 3 4 |  4.9
Spellcasting   | 3 4 5 |  5.4
Stealth        | |  1.7

Action                   |  1- 3 |  4- 6 |  7- 9 || total
-------------------------+-------+-------+-------++-------
Melee: Short sword       |    21 |    32 |    95 ||   148
       Unarmed           |     1 |       |       ||     1
 Cast: Freeze            |    62 |    30 |    41 ||   133
       Frozen Ramparts   |     1 |     3 |     8 ||    12
 Abil: Hop               |       |       |     1 ||     1
  Use: Scroll            |       |       |     7 ||     7
       Potion            |       |       |     4 ||     4
 Stab: Sleeping          |       |     2 |       ||     2
Armor: Robe              |     5 |     6 |       ||    11
       Leather armour    |       |       |     9 ||     9
Dodge: Dodged            |    73 |    57 |   115 ||   245
Block: Buckler           |     7 |    18 |    41 ||    66

Table legend: (Time is in decaauts)
 A = Elapsed time spent in this place.
 B = Non-inter-level travel time spent in this place.
 C = Inter-level travel time spent in this place.
 D = Time resting spent in this place.
 E = Time spent auto-exploring this place.
 F = Levels seen in this place.
 G = Mean time per level.
                   A        B        C        D        E       F      G
               +--------+--------+--------+--------+--------+-----+--------+
         Total |   8304 |   7933 |    371 |      0 |   6937 |   6 | 1384.0 |
       Dungeon |   8304 |   7933 |    371 |      0 |   6937 |   6 | 1384.0 |
               +--------+--------+--------+--------+--------+-----+--------+

Top non-repeatable levels by time:
     D:4: 1871 daAuts
     D:1: 1688 daAuts
     D:3: 1579 daAuts
     D:5: 1465 daAuts
     D:2: 1113 daAuts
     D:6: 586 daAuts
